 Dungeon Crawl Stone Soup version 0.27-a0-1501-g9d6fb14e67 (webtiles) character file.

Game seed: 18219967145358252383

798 MacCMillion the Vandal (level 7, -4/52 HPs)
             Began as a Spriggan Arcane Marksman on July 8, 2021.
             Was an Initiate of Dithmenos.
             Slain by a two-headed ogre (16 damage)
             ... on level 4 of the Dungeon on July 9, 2021.
             The game lasted 00:55:08 (9425 turns).

MacCMillion the Vandal (Spriggan Arcane Marksman)   Turns: 9425, Time: 00:55:08

Health: -4/52      AC: 23    Str:  6    XL:     7   Next: 58%
Magic:  10/10      EV:  4    Int: 16    God:    Dithmenos [......]
Gold:   191        SH:  0    Dex: 16    Spells: 5/8 levels left

rFire    . . .     SeeInvis +   i - +0 dagger
rCold    . . .     Faith    .   (shield restricted)
rNeg     + + +     Spirit   .   (armour currently unavailable)
rPois    +         Reflect  .   (helmet currently unavailable)
rElec    .         Harm     .   (cloak currently unavailable)
rCorr    .         Rampage  .   (gloves unavailable)
Will     +....     NoTele   +   (boots unavailable)
Stlth    +++.......             (no amulet)
HPRegen  0.17/turn              (no ring)
MPRegen  0.12/turn              (no ring)

@: tree-form
A: stationary, stasis, torment immunity, boosted hp, very small, no large
weapons, unfitting armour, see invisible, (speed 3)
a: Renounce Religion


You were on level 4 of the Dungeon.
You worshipped Dithmenos.
Dithmenos was noncommittal.
You were a tree.
You visited 1 branch of the dungeon, and saw 5 of its levels.

You collected 191 gold pieces.

Inventory:

Hand Weapons
 a - a +0 hunting sling
 i - a +0 dagger (weapon)
Missiles
 c - 5 sling bullets
 e - 6 stones
 g - 3 atropa-tipped darts
 n - 36 arrows
Armour
 d - a +0 robe (melded)
 j - a +1 cloak (melded)
Wands
 p - a wand of mindburst (13)
Scrolls
 h - 4 scrolls of identify
 m - a scroll of fear {unknown}
 r - a scroll of magic mapping {unknown}
 s - a scroll of enchant weapon {unknown}
Potions
 f - 5 potions of lignification
 l - a potion of curing
 o - 2 potions of might
 q - 3 potions of heal wounds
 t - a potion of ambrosia


   Skills:
 - Level 2.0 Fighting
 - Level 2.0 Short Blades
 + Level 7.2 Slings
 - Level 5.0 Dodging
 - Level 5.0 Stealth
 - Level 1.3 Spellcasting
 - Level 5.0 Hexes


You had 5 spell levels left.
You knew the following spells:

 Your Spells              Type           Power      Damage    Failure   Level
a - Corona                Hex            18%        N/A       2%          1
b - Slow                  Hex            17%        N/A       4%          2

Your spell library contained the following spells:

 Spells                   Type           Power      Damage    Failure   Level
 Confusing Touch          Hex            17%        N/A       9%          3
 Tukima's Dance           Hex            17%        N/A       9%          3
 Ensorcelled Hibernation  Hex/Ice        18%        N/A       12%         2
 Inner Flame              Hex/Fire       9%         N/A       24%         3
 Portal Projectile        Hex/Tloc       18%        N/A       24%         3
 Cause Fear               Hex            8%         N/A       28%         4
 Static Discharge         Conj/Air       1%         N/A       32%         2
 Petrify                  Tmut/Erth      1%         N/A       91%         4
 Metabolic Englaciation   Hex/Ice        4%         N/A       91%         5
 Yara's Violent Unravell  Hex/Tmut       4%         3d4       91%         5
 Lightning Bolt           Conj/Air       0%         1d11      99%         5
 Statue Form              Tmut/Erth      0%         N/A       100%        6
 Maxwell's Capacitive Co  Air            0%         ∞         100%        8


Dungeon Overview and Level Annotations

Branches:
Dungeon (5/15)
 Temple: D:4-7

Altars:
Dithmenos
Elyvilon
Okawaru
Sif Muna

Annotations:
D:2 1 runed translucent door, Crazy Yiuf


Innate Abilities, Weirdness & Mutations

You are a tree.
Your roots penetrate the ground, keeping you stationary.
You cannot be teleported.
You are immune to unholy pain and torment.
Your maximum health is greatly increased.
Your equipment is partially melded.
You are very small and have problems with some larger weapons.
You are too small for most types of armour.
You have supernaturally acute eyesight. (SInv)
((You cover ground extremely quickly. (Speed+++)))


Message History

You are engulfed in a cloud of scalding steam.
The steam dragon bites you!
* * * LOW HITPOINT WARNING * * *
The steam dragon completely misses you.
Unknown command.
Really quaff the potion of lignification?
Okay, then.
You feel much better. The steam dragon barely misses you.
The steam dragon closely misses you.
Really quaff the potion of lignification?
Uppercase [Y]es or [N]o only, please.
Really quaff the potion of lignification?
You turn into a tree.
Your +1 cloak melds into your body.
Your +0 robe melds into your body.
Your roots penetrate the ground.
The steam dragon bites you but does no damage.
The steam dragon claws you but does no damage.
You barely miss the steam dragon. The steam dragon breathes steam at you.
The ball of steam hits you!
You closely miss the steam dragon.
You are engulfed in a cloud of scalding steam.
The steam dragon bites you but does no damage.
The steam dragon claws you.
You hit the steam dragon but do no damage.
You are engulfed in a cloud of scalding steam.
You hit the two-headed ogre.
The two-headed ogre is lightly wounded.
You are engulfed in a cloud of scalding steam.
You hit the two-headed ogre but do no damage.
The two-headed ogre is lightly wounded.
You are engulfed in a cloud of scalding steam.
The two-headed ogre hits you with a +0 giant club!
* * * LOW HITPOINT WARNING * * *
The two-headed ogre hits you but does no damage.
You hit the two-headed ogre.
The two-headed ogre is lightly wounded.
You completely miss the two-headed ogre.
The two-headed ogre is lightly wounded.
The two-headed ogre hits you with a +0 giant club!
You die...

#.# #D# #.#### ##
#####.#### #.# #.# #
.........# #.# #.# #
#####.##.# #.# #.# #
......##.###### #.#
#.# # ########......#
#.# #.# #
######.#######.###.#
#
#.##.OD.......#######
#.##♣####............
#.##.# #############
#....# ######


You could see a two-headed ogre and a steam dragon.

Vanquished Creatures
  3 necrophages
  2 ogres
  2 scorpions (D:4)
  A howler monkey (D:5)
  A hound (D:4)
  A centaur skeleton (D:5)
  An orc wizard (D:5)
  A hound skeleton (D:4)
  2 adders
  A shadow imp (D:5)
  A white imp (D:5)
  2 ufetubi
  2 worms
  2 dart slugs
  7 orcs
  5 ball pythons
  3 bats
  3 endoplasms
  6 giant cockroaches
  3 goblins
  8 hobgoblins
  4 jackals
  2 quokkas
  4 frilled lizards
  8 kobolds
  2 rats
77 creatures vanquished.

Vanquished Creatures (others)
  11 plants (D:5)
11 creatures vanquished.

Grand Total: 88 creatures vanquished

Notes
Turn   | Place    | Note
-------+----------+-------------------------------------------
     0 | D:1      | MacCMillion the Spriggan Arcane Marksman began the quest
                  | for the Orb.
     0 | D:1      | Reached XP level 1. HP: 9/9 MP: 3/3
    37 | D:1      | Reached skill level 1 in Stealth
   236 | D:1      | Found a faded altar of an unknown god.
   291 | D:1      | Reached XP level 2. HP: 14/14 MP: 5/5
   324 | D:1      | Reached skill level 3 in Slings
  1080 | D:2      | Found an iron altar of Okawaru.
  1187 | D:2      | Found a runed translucent door.
  1188 | D:2      | Noticed Crazy Yiuf
  1631 | D:3      | Found a shadowy altar of Dithmenos.
  1771 | D:3      | Reached XP level 3. HP: 17/17 MP: 6/6
  1834 | D:3      | Reached skill level 4 in Slings
  2036 | D:3      | Reached skill level 1 in Fighting
  2671 | D:4      | Noticed a scorpion
  3161 | D:3      | Became a worshipper of Dithmenos the Shadowed
  3403 | D:4      | Reached XP level 4. HP: 21/23 MP: 7/7
  3436 | D:4      | Reached skill level 1 in Short Blades
  4034 | D:4      | Killed a scorpion
  4035 | D:4      | Reached XP level 5. HP: 3/26 MP: 8/8
  4329 | D:4      | Learned a level 2 spell: Slow
  4422 | D:4      | Noticed a necrophage
  4528 | D:4      | Killed a necrophage
  4529 | D:4      | Reached skill level 5 in Hexes
  4851 | D:4      | Reached skill level 5 in Stealth
  4851 | D:4      | Reached XP level 6. HP: 26/30 MP: 5/9
  5195 | D:4      | Reached skill level 5 in Slings
  5336 | D:4      | Found a shimmering blue altar of Sif Muna.
  5677 | D:5      | Entered Level 5 of the Dungeon
  5719 | D:5      | Noticed a wyvern
  5725 | D:5      | Noticed a two-headed ogre
  6593 | D:5      | Reached XP level 7. HP: 28/35 MP: 10/10
  6606 | D:5      | Reached * piety under Dithmenos
  6851 | D:5      | Noticed a wyvern
  7165 | D:5      | Found a white marble altar of Elyvilon.
  7882 | D:5      | Reached skill level 5 in Dodging
  7906 | D:5      | Noticed a steam dragon
  8075 | D:5      | Reached skill level 6 in Slings
  8490 | D:5      | Reached skill level 7 in Slings
  9425 | D:4      | Slain by a two-headed ogre

Illustrated notes

Levels and vault maps discovered:
D:1:      dpeg_arrival_tiny_a, layout_loops_ring,
          shapermc_ecumenical_altar_acropolis
D:2:      layout_rooms, basic_altar, uniq_crazy_yiuf_cottage
D:3:      layout_basic, mainiacjoe_overflow_brackets
D:4:      layout_loops_ring, lemuel_blue_sif_altar, kennysheep_flooded_box,
          kennysheep_windowed_goal
D:5:      cheibrodos_fzero, layout_basic, mainiacjoe_overflow_catwalk,
          fedhas_altar_decomposition

Skill      XL: |  1  2  3  4  5  6  7 |
---------------+----------------------+-----
Stealth        | 2 3 5 |  5.0
Slings         | 3 4 5 7 |  7.2
Fighting       | 2 |  2.0
Short Blades   | 2 |  2.0
Hexes          | 4 5 |  5.0
Dodging        | 4 5 |  5.0
Spellcasting   | |  1.3

Action                   |  1- 3 |  4- 6 |  7- 9 || total
-------------------------+-------+-------+-------++-------
Melee: Dagger            |    44 |    16 |    21 ||    81
 Fire: Hunting sling     |   182 |   268 |   152 ||   602
 Cast: Slow              |       |    19 |    11 ||    30
       Corona            |       |     4 |     2 ||     6
  Use: Scroll            |       |       |     6 ||     6
       Potion            |       |       |     3 ||     3
 Stab: Sleeping          |     2 |       |       ||     2
Armor: Robe              |    22 |    16 |     2 ||    40
       Skin              |       |       |     7 ||     7
Dodge: Dodged            |   129 |    83 |    93 ||   305

Table legend: (Time is in decaauts)
 A = Elapsed time spent in this place.
 B = Non-inter-level travel time spent in this place.
 C = Inter-level travel time spent in this place.
 D = Time resting spent in this place.
 E = Time spent auto-exploring this place.
 F = Levels seen in this place.
 G = Mean time per level.
                   A        B        C        D        E       F      G
               +--------+--------+--------+--------+--------+-----+--------+
         Total |   7173 |   6790 |    383 |   2174 |   2341 |   5 | 1434.6 |
       Dungeon |   7173 |   6790 |    383 |   2174 |   2341 |   5 | 1434.6 |
               +--------+--------+--------+--------+--------+-----+--------+

Top non-repeatable levels by time:
     D:4: 3125 daAuts
     D:3: 1663 daAuts
     D:5: 1258 daAuts
     D:1: 585 daAuts
     D:2: 540 daAuts
